 Dungeon Crawl Stone Soup version 0.20.0-15-g7f486f2 (webtiles) character file.

35 greprep the Sneak (level 3, -1/16 HPs)
             Began as a Spriggan Enchanter on June 14, 2017.
             Slain by a worm (10 damage)
             ... on level 2 of the Dungeon.
             The game lasted 00:02:39 (1893 turns).

greprep the Sneak (Spriggan Enchanter)              Turns: 1893, Time: 00:02:40

Health: -1/16      AC:  2    Str:  4    XL:     3   Next: 17%
Magic:  2/8        EV: 19    Int: 16    God:
Gold:   96         SH:  0    Dex: 17    Spells: 5/8 levels left

rFire    + . .     SeeInvis +   a - +1 dagger
rCold    . . .     Gourm    .   (shield restricted)
rNeg     . . .     Faith    .   b - +0 robe
rPois    .         Spirit   .   (helmet restricted)
rElec    .         Reflect  .   (no cloak)
rCorr    .         Harm     .   (gloves unavailable)
MR       .....                  (boots unavailable)
Stlth    +++.......             (no amulet)
Regen    0.1/turn               f - ring of wizardry
MPRegen  0.2/turn               n - ring of protection from fire

@: very quick
A: unfitting armour, see invisible, herbivore 3, speed 3, slow metabolism 2
a: no special abilities


You were on level 2 of the Dungeon.
You were not hungry.

You visited 1 branch of the dungeon, and saw 2 of its levels.

You collected 96 gold pieces.

Inventory:

Hand Weapons
 a - a +1 dagger (weapon)
Armour
 b - a +0 robe (worn)
Jewellery
 f - a ring of wizardry (left hand)
 m - an uncursed ring of wizardry
 n - a ring of protection from fire (right hand)
Scrolls
 h - a scroll of remove curse {unknown}
 i - 2 scrolls of enchant armour {unknown}
 l - a scroll of fog {unknown}
Potions
 e - a potion of might {unknown}
 g - a potion of haste {unknown}
 j - a potion of agility {unknown}
 k - a potion of heal wounds {unknown}
Books
 c - a book of Maledictions

   Spells                             Type                      Level
   a - Corona                         Hexes                        1
   b - Ensorcelled Hibernation        Hexes/Ice                    2
   c - Confuse                        Hexes                        3
   d - Tukima's Dance                 Hexes                        3
   e - Dazzling Spray                 Conjuration/Hexes            3
Comestibles
 d - 2 bread rations


   Skills:
 + Level 0.1 Fighting
 + Level 1.3 Short Blades
 + Level 3.5 Dodging
 * Level 5.4 Stealth
 + Level 3.1 Spellcasting
 + Level 3.8 Hexes


You had 5 spell levels left.
You knew the following spells:

 Your Spells              Type           Power        Failure   Level  Hunger
a - Corona                Hex            ##.....      1%          1    #......
b - Ensorcelled Hibernat  Hex/Ice        #.....       5%          2    ##.....


Dungeon Overview and Level Annotations

Branches:
Dungeon (2/15)

Altars:


Innate Abilities, Weirdness & Mutations

You are very small and have problems with some larger weapons.
You are too small for most types of armour.
You have supernaturally acute eyesight. (SInv)
You are a herbivore.
You cover ground extremely quickly.
You need consume almost no food.


Message History

You barely miss the worm.
The worm is lightly wounded.
You hit the worm.
The worm is moderately wounded.
The worm misses you.
You hit the worm.
The worm is moderately wounded.
You hit the worm.
The worm is heavily wounded.
The worm closely misses you.
You hit the worm but do no damage.
The worm is heavily wounded.
You barely miss the worm.
The worm is heavily wounded.
The worm closely misses you.
You hit the worm.
The worm is heavily wounded.
The worm bites you!
Ouch! That really hurt!
You die...

#...(.........#
##############..######.#
.......................#
###############..#####.#
.......#)....#.#
######.#..##.#.#
#.#..<#.#.# #.#...#.#.#
#.#@....#.# #.#w#.###.#
#######.#.......#
........####.##.######?
.......†..w............
........#.....#.######.
#########.....#.#
............
....$........


You could see a worm.

Vanquished Creatures
  A dart slug (D:1)
  A leopard gecko (D:2)
  5 bats
  6 goblins
  4 jackals (D:1)
  5 kobolds
  A quokka (D:2)
  A frilled lizard (D:1)
  6 rats
30 creatures vanquished.

Notes
Turn   | Place    | Note
-------+----------+-------------------------------------------
     0 | D:1      | greprep the Spriggan Enchanter began the quest for the Orb.
     0 | D:1      | Reached XP level 1. HP: 9/9 MP: 5/5
   645 | D:1      | Reached XP level 2. HP: 13/13 MP: 6/6
   649 | D:1      | Learned a level 2 spell: Ensorcelled Hibernation
   754 | D:1      | Reached skill level 5 in Stealth
  1727 | D:2      | Reached XP level 3. HP: 16/16 MP: 5/8
  1893 | D:2      | Slain by a worm

Skill      XL: |  1  2 |
---------------+-------+-----
Spellcasting   | 3 |  3.1
Stealth        | 5 |  5.4
Fighting       | |  0.1
Short Blades   | |  1.3
Dodging        | |  3.5
Hexes          | |  3.8

Action                   || total
-------------------------++-------
Melee: Dagger            ||   109
 Cast: Ensorcelled Hiber ||    14
 Stab: Sleeping          ||    15
Armor: Robe              ||    10
Dodge: Dodged            ||   107
